 Dungeon Crawl Stone Soup version 0.27-a0-538-g15ff5c5295 (console) character file.

Game seed: 16510017819085242584

251 Terrapin the Chopper (level 6, -1/56 HPs)
             Began as a Hill Orc Monk on Mar 7, 2021.
             Slain by a river rat (5 damage)
             ... summoned by Eustachio
             ... on level 4 of the Dungeon.
             The game lasted 00:07:35 (3714 turns).

Terrapin the Chopper (Hill Orc Monk)                Turns: 3714, Time: 00:07:36

Health: -1/56      AC:  5    Str: 16    XL:     6   Next: 13%
Magic:  6/6        EV: 11    Int: 10    God:
Gold:   234        SH:  5    Dex: 13    Spells: 5/5 levels left

rFire    + . .     SeeInvis .   a - +0 war axe
rCold    + + .     Faith    .   (no shield)
rNeg     + . .     Spirit   .   m - +0 ring mail
rPois    +         Reflect  +   (no helmet)
rElec    +         Harm     .   (no cloak)
rCorr    +         Rampage  .   (no gloves)
Will     .....                  (no boots)
Stlth    +.........             d - amulet of reflection
HPRegen  0.18/turn              j - ring of positive energy
MPRegen  0.10/turn              q - ring of protection from cold

@: mighty, brilliant, resistant
A: no striking features
a: no special abilities


You were on level 4 of the Dungeon.
You visited 1 branch of the dungeon, and saw 4 of its levels.

You collected 234 gold pieces.

Inventory:

Hand Weapons
 a - a +0 war axe (weapon)
Missiles
 c - 103 stones (quivered)
 h - 39 sling bullets
 s - 9 poisoned darts
 u - 40 arrows
Armour
 m - a +0 ring mail (worn)
Jewellery
 d - an amulet of reflection (around neck)
 j - a ring of positive energy (left hand)
 o - an amulet of guardian spirit
 q - a ring of protection from cold (right hand)
 v - a +6 ring of intelligence
Scrolls
 b - 3 scrolls of blinking {unknown}
 g - a scroll of fear {unknown}
 i - 4 scrolls of enchant armour {unknown}
 n - 3 scrolls of identify {unknown}
 t - a scroll of amnesia {unknown}
Potions
 f - a potion of might {!q}
 k - a potion of resistance {!q}
 l - a potion of curing {unknown}
 p - a potion of flight {unknown}
 r - a potion of invisibility {unknown}


   Skills:
 + Level 5.0 Fighting
 * Level 6.9 Axes
 + Level 2.9 Armour
 - Level 2.4 Dodging
 - Level 1.5 Stealth


You had 5 spell levels left.
You didn't know any spells.
Your spell library was empty.

Dungeon Overview and Level Annotations

Branches:
Dungeon (4/15)
 Temple: D:4-7

Altars:
Gozag
Qazlal
Sif Muna

Annotations:
D:4 Eustachio, Ijyb


Message History

The puff of frost hits you. You resist.
The white imp hits you but does no damage.
You slash Eustachio!
Eustachio is severely wounded.
You hit the river rat. You slash the white imp!
You kill the white imp!
You hit the white imp. Eustachio hits you with a +0 falchion.
The river rat barely misses you. The white imp misses you.
You block the river rat's attack.
Eustachio casts a spell.
You slash Eustachio!
Eustachio is almost dead.
You hit the river rat but do no damage. You closely miss the white imp.
The white imp grinds its teeth.
The white imp gestures at you. The puff of frost hits you. You resist.
The river rat bites you!
* * * LOW HITPOINT WARNING * * *
Eustachio hits you with a +0 falchion.
* * * LOW HITPOINT WARNING * * *
Unknown command.
It was a potion of might.
You feel very mighty all of a sudden. The white imp hits you.
* * * LOW HITPOINT WARNING * * *
The white imp freezes you. You resist.
* * * LOW HITPOINT WARNING * * *
The river rat bites you but does no damage.
Eustachio mumbles some strange words.
Eustachio blinks!
It was a potion of resistance.
You feel protected.
The white imp disappears in a puff of smoke!
You block the iron imp's attack. The river rat completely misses you.
It was a potion of brilliance.
You feel clever all of a sudden. The shadow imp gestures at you.
You barely resist.
The iron imp hits you but does no damage.
The river rat bites you.
You die...

############
#+#######..##...##...
#..........#.........
#.@........#.........
#..5.......#.........
#..5@########...####.
#..5r###...##...#####
#.<..........).....#.
#............r.....+.
#..................#.
#.....#..######r####.
#############...####.
#...........
#.......ยง...


You could see Eustachio, 2 iron imps, a river rat (summoned) and a shadow imp
(summoned).

Vanquished Creatures
  A bullfrog skeleton (D:4)
  A worker ant (D:4)
  A hound skeleton (D:2)
  9 adders
  An ooze (D:1)
  2 worms (D:2)
  3 dart slugs
  2 leopard geckos
  4 orcs
  12 bats
  3 giant cockroaches
  7 goblins
  4 hobgoblins
  13 jackals
  3 quokkas
  8 ball pythons
  7 frilled lizards
  5 kobolds
  5 rats
91 creatures vanquished.

Notes
Turn   | Place    | Note
-------+----------+-------------------------------------------
     0 | D:1      | Terrapin the Hill Orc Monk began the quest for the Orb.
     0 | D:1      | Reached XP level 1. HP: 19/19 MP: 1/1
   101 | D:1      | Reached XP level 2. HP: 17/27 MP: 2/2
   396 | D:1      | Reached skill level 1 in Armour
   738 | D:1      | Reached XP level 3. HP: 32/33 MP: 3/3
  1153 | D:2      | Reached skill level 5 in Axes
  1516 | D:2      | Reached XP level 4. HP: 40/40 MP: 4/4
  1901 | D:2      | Found an opulent altar of Gozag.
  2322 | D:2      | Reached XP level 5. HP: 47/47 MP: 5/5
  2388 | D:3      | Reached skill level 6 in Axes
  2532 | D:3      | Found a shimmering blue altar of Sif Muna.
  3362 | D:4      | Found a stormy altar of Qazlal.
  3365 | D:4      | Noticed a fire elemental
  3365 | D:4      | Noticed a water elemental
  3365 | D:4      | Noticed an air elemental
  3411 | D:4      | Noticed Eustachio
  3414 | D:4      | Noticed Ijyb
  3591 | D:4      | Reached skill level 5 in Fighting
  3591 | D:4      | Reached XP level 6. HP: 53/56 MP: 6/6
  3714 | D:4      | Slain by a river rat

Illustrated notes

Levels and vault maps discovered:
D:1:      dpeg_arrival_round_c, layout_rooms, minmay_tromino_v4_c
D:2:      layout_rooms, nicolae_gozag_cash_rules_everything_around_me,
          minmay_shallow_snake_nest
D:3:      layout_loops_ring, led_sif_pool
D:4:      layout_gridville, nicolae_qazlal_style_of_elements, uniq_ijyb,
          uniq_menkaure, uniq_eustachio

Skill      XL: |  1  2  3  4  5 |
---------------+----------------+-----
Armour         | 1 2 |  2.9
Fighting       | 4 5 |  5.0
Axes           | 5 6 |  6.9
Dodging        | |  2.4
Stealth        | |  1.5

Action                   |  1- 3 |  4- 6 || total
-------------------------+-------+-------++-------
Melee: Hand axe          |   142 |   107 ||   249
       War axe           |       |   100 ||   100
Throw: Stone             |       |     8 ||     8
       Dart              |       |     7 ||     7
  Use: Potion            |       |     3 ||     3
 Stab: Sleeping          |     2 |       ||     2
Armor: Robe              |    12 |       ||    12
       Ring mail         |    29 |    74 ||   103
Dodge: Dodged            |    93 |   138 ||   231
Block: Other             |    39 |    49 ||    88
       Reflection        |     1 |       ||     1

Table legend: (Time is in decaauts)
 A = Elapsed time spent in this place.
 B = Non-inter-level travel time spent in this place.
 C = Inter-level travel time spent in this place.
 D = Time resting spent in this place.
 E = Time spent auto-exploring this place.
 F = Levels seen in this place.
 G = Mean time per level.
                   A        B        C        D        E       F      G
               +--------+--------+--------+--------+--------+-----+--------+
         Total |   3748 |   3489 |    259 |   1250 |   1304 |   4 |  937.0 |
       Dungeon |   3748 |   3489 |    259 |   1250 |   1304 |   4 |  937.0 |
               +--------+--------+--------+--------+--------+-----+--------+

Top non-repeatable levels by time:
     D:1: 1322 daAuts
     D:2: 1203 daAuts
     D:3: 770 daAuts
     D:4: 452 daAuts
